 Dungeon Crawl Stone Soup version 0.28-a0-674-gdaf460b524 (webtiles) character file.

Game seed: 7648477650812305513

618715 dolemite99 the Hoplite (level 26, 0/198 HPs)
             Began as a Demonspawn Hunter on Oct 13, 2021.
             Was a High Priest of Hepliaklqana.
             Killed from afar by an orb of fire (11 damage)
             ... with a bolt of fire
             ... on level 5 of the Realm of Zot on Oct 18, 2021.
             The game lasted 03:28:01 (118016 turns).

dolemite99 the Hoplite (Demonspawn Hunter)        Turns: 118016, Time: 03:28:02

Health: 0/198      AC: 28    Str: 20 (22) XL:     26   Next: 45%
Magic:  51/51      EV:  6    Int: 19      God:    Hepliaklqana [*****.]
Gold:   4577       SH: 28    Dex: 35      Spells: 31/48 levels left

rFire   + + +      SeeInvis .   b - +9 scimitar (flame)
rCold   + + +      Faith    .   g - +0 tower shield
rNeg    + . .      Spirit   .   K - +1 gold dragon scales
rPois   +          Reflect  .   (helmet unavailable)
rElec   +          Harm     .   i - +2 cloak
rCorr   +          Rampage  .   U - +2 pair of gloves {Dex+3}
Will    +....                   w - +2 pair of boots {Fly}
Stlth   ..........              c - amulet of the Gloaming {rC+ Will+ Regen+}
HPRegen 1.43/turn               u - ring "Holev" {Contam rF+ rN+ Dex+8}
MPRegen 0.32/turn               y - ring of Zetrol {Fly rElec MP+9 Dex+6}

@: mighty, resistant, weak-willed, flying, studying Summonings, unable to read
A: reduced essence, horns 3, hurl damnation, spiny 3, torment resistance 1, big
brain 3, demonic magic 3, demonic willpower, claws 1, thin skeletal structure 1,
deformed body, deterioration 1, high mp 1, subdued magic 1, inability to read
while threatened, noise suppression
}: 4/15 runes: decaying, slimy, silver, gossamer
a: Hurl Damnation, Renounce Religion, Recall Ancestor, Ancestor Identity,
Transference, Idealise


You were on level 5 of the Realm of Zot.
You worshipped Hepliaklqana.
Hepliaklqana was extremely pleased with you.
You visited 12 branches of the dungeon, and saw 57 of its levels.

You collected 7635 gold pieces.
You spent 3058 gold pieces at shops.

Inventory:

Hand Weapons
 a - the +8 hunting sling of Senn {freeze, rC+ Dex+6}
   (You took it off a vault guard on level 5 of the Vaults)

   Any ammunition fired from it freezes those it strikes, dealing additional
   cold damage.
   It can also slow down cold-blooded creatures.
   Dex:       It affects your dexterity (+6).
   rC:        It protects you from cold.
 b - a +9 scimitar of flaming (weapon)
Missiles
 k - 1385 stones
 F - 2 silver boomerangs (quivered)
 Q - 12 javelins
Armour
 g - a +0 tower shield (worn)
 i - a +2 cloak (worn)
 w - a +2 pair of boots of flying (worn)
 B - the +8 orange crystal plate armour {Archmagi, Int+3 Clar}
   (You acquired it on level 2 of the Elven Halls)

   Int:       It affects your intelligence (+3).
   Clar:      It protects you against confusion.
 K - +1 gold dragon scales (worn)
 U - a +2 pair of gloves of dexterity (worn)
Jewellery
 c - the amulet of the Gloaming (around neck) {rC+ Will+ Regen+}
   (You took it off a vault warden on level 5 of the Vaults)

   [amulet of regeneration]

   rC:        It protects you from cold.
   Regen:     It increases your rate of health regeneration.
   Will:      It increases your willpower.
 h - a ring of resist corrosion
 q - the ring "Cufriros" {rC+ MP+9}
   (You took it off a frost giant on level 5 of the Vaults)

   [ring of magical power]

   rC:        It protects you from cold.
   MP:        It affects your magic capacity (+9).
 u - the ring "Holev" (left hand) {Contam rF+ rN+ Dex+8}
   (You found it on level 3 of the Realm of Zot)

   [ring of protection from fire]

   Dex:       It affects your dexterity (+8).
   rF:        It protects you from fire.
   rN:        It protects you from negative energy.
   Contam:    It causes magical contamination when unequipped.
 x - a ring of positive energy
 y - the ring of Zetrol (right hand) {Fly rElec MP+9 Dex+6}
   (You took it off a deep elf zephyrmancer on level 9 of the Dungeon)

   [ring of flight]

   Dex:       It affects your dexterity (+6).
   rElec:     It insulates you from electricity.
   MP:        It affects your magic capacity (+9).
   Fly:       It grants you flight.
 z - a ring of protection from fire
Wands
 e - a wand of acid (5)
 m - a wand of iceblast (26)
 E - a wand of paralysis (13)
 P - a wand of digging (19)
 S - a wand of mindburst (29)
Scrolls
 d - 2 scrolls of silence
 j - a scroll of magic mapping
 o - 2 scrolls of fear
 p - 35 scrolls of identify {@r1}
 r - 7 scrolls of teleportation
 I - 5 scrolls of fog
 O - a scroll of enchant weapon
 V - 2 scrolls of immolation
 Y - 3 scrolls of amnesia
Potions
 l - 10 potions of curing
 s - 10 potions of attraction
 t - 7 potions of berserk rage
 v - a potion of might
 A - 6 potions of flight
 D - 3 potions of cancellation
 H - 3 potions of resistance
 J - 5 potions of magic
 L - 7 potions of brilliance
 M - 2 potions of mutation
 T - 4 potions of ambrosia
Miscellaneous
 n - a box of beasts (inert)
 C - a tin of tremorstones (2/2)
 G - a phial of floods (inert)
 R - a condenser vane (inert)
 X - a phantom mirror
 Z - a lightning rod (4/4)


   Skills:
 + Level 20.6 Fighting
 - Level 8.1(12.4) Short Blades
 - Level 14.7(15.5) Long Blades
 + Level 11.4(13.9) Slings
 - Level 12.7(14.5) Throwing
 - Level 19.1 Armour
 - Level 2.3 Dodging
 - Level 6.9 Stealth
 - Level 21.0 Shields
 - Level 0.1 Unarmed Combat
 - Level 11.8 Spellcasting
 - Level 3.4 Conjurations
 - Level 10.7 Necromancy
 + Level 5.9 Transmutations
 - Level 5.0 Air Magic
 + Level 5.5 Earth Magic
 - Level 6.0 Poison Magic
 - Level 19.9 Invocations
 - Level 12.6 Evocations


You had 31 spell levels left.
You knew the following spells:

 Your Spells              Type           Power      Damage    Failure   Level
a - Mephitic Cloud        Conj/Pois/Air  22%        N/A       41%         3
b - Animate Dead          Necr           19%        N/A       13%         4
c - Poisonous Vapours     Pois/Air       48%        N/A       17%         2
d - Corpse Rot            Necr/Air       62%        N/A       6%          2
e - Frozen Ramparts       Ice            16%        1d3       96%         3
f - Apportation           Tloc           16%        N/A       71%         1
g - Passwall              Tmut/Erth      20%        N/A       16%         2

Your spell library contained the following spells:

 Spells                   Type           Power      Damage    Failure   Level
 Sublimation of Blood     Necr           19%        N/A       1%          2
 Sting                    Tmut/Pois      100%       1d8       9%          1
 Beastly Appendage        Tmut           50%        N/A       10%         1
 Dispel Undead            Necr           39%        3d16      13%         4
 Wereblood                Tmut           25%        N/A       14%         2
 Shock                    Conj/Air       80%        1d8       21%         1
 Magic Dart               Conj           72%        1d6       26%         1
 Spider Form              Tmut/Pois      13%        N/A       28%         3
 Static Discharge         Conj/Air       20%        N/A       30%         2
 Agony                    Necr           39%        N/A       36%         5
 Searing Ray              Conj           36%        2d5       38%         2
 Swiftness                Air            23%        N/A       38%         3
 Foxfire                  Conj/Fire      52%        2x1d6     47%         1
 Ignite Poison            Fire/Tmut/Pois 20%        N/A       52%         3
 Olgreb's Toxic Radiance  Pois           26%        N/A       65%         4
 Petrify                  Tmut/Erth      25%        N/A       69%         4
 Freeze                   Ice            32%        1d5       71%         1
 Summon Small Mammal      Summ           32%        N/A       71%         1
 Borgnjor's Vile Clutch   Necr/Erth      16%        N/A       71%         5
 Airstrike                Air            11%        N/A       78%         4
 Call Imp                 Summ           8%         N/A       83%         2
 Ensorcelled Hibernation  Hex/Ice        16%        N/A       83%         2
 Scorch                   Fire           16%        2d6       83%         2
 Slow                     Hex            8%         N/A       83%         2
 Conjure Flame            Conj/Fire      13%        6-21      83%         3
 Dazzling Flash           Conj/Hex       26%        N/A       83%         3
 Death Channel            Necr           19%        N/A       89%         6
 Alistair's Intoxication  Tmut/Pois      17%        N/A       93%         5
 Blade Hands              Tmut           12%        N/A       94%         5
 Call Canine Familiar     Summ           8%         N/A       96%         3
 Confusing Touch          Hex            8%         N/A       96%         3
 Gell's Gravitas          Tloc           4%         N/A       96%         3
 Inner Flame              Hex/Fire       8%         N/A       96%         3
 Lesser Beckoning         Tloc           8%         N/A       96%         3
 Portal Projectile        Hex/Tloc       16%        N/A       96%         3
 Summon Guardian Golem    Hex/Summ       8%         N/A       96%         3
 Teleport Other           Tloc           8%         N/A       96%         3
 Tukima's Dance           Hex            8%         N/A       96%         3
 Ice Form                 Ice/Tmut       17%        N/A       96%         4
 Lee's Rapid Deconstruct  Erth           12%        3d9*      96%         5
 Animate Armour           Summ/Erth      32%        N/A       97%         4
 Leda's Liquefaction      Hex/Erth       8%         N/A       97%         4
 Summon Lightning Spire   Summ/Air       15%        N/A       98%         4
 Flame Wave               Conj/Fire      13%        3d5       99%         4
 Hailstorm                Conj/Ice       13%        3d5       99%         4
 Sticky Flame             Conj/Fire      13%        2d4       99%         4
 Irradiate                Conj/Tmut      11%        3d17      99%         5
 Lightning Bolt           Conj/Air       10%        1d23      99%         5
 Summon Ice Beast         Ice/Summ       8%         N/A       100%        4
 Fireball                 Conj/Fire      6%         3d5       100%        5
 Freezing Cloud           Conj/Ice/Air   8%         6-21      100%        5
 Iskenderun's Battlesphe  Conj           18%        2d7       100%        5
 Metabolic Englaciation   Hex/Ice        4%         N/A       100%        5
 Silence                  Hex/Air        7%         N/A       100%        5
 Summon Forest            Summ/Tloc      4%         N/A       100%        5
 Summon Mana Viper        Hex/Summ       8%         N/A       100%        5
 Yara's Violent Unravell  Hex/Tmut       8%         3d5       100%        5
 Conjure Ball Lightning   Conj/Air       10%        3x3d6     100%        6
 Eringya's Noxious Bog    Tmut/Pois      13%        N/A       100%        6
 Invisibility             Hex            4%         N/A       100%        6
 Iron Shot                Conj/Erth      10%        9d3       100%        6
 Simulacrum               Ice/Necr       12%        N/A       100%        6
 Statue Form              Tmut/Erth      16%        N/A       100%        6
 Summon Cactus Giant      Summ           4%         N/A       100%        6
 Haunt                    Necr/Summ      12%        N/A       100%        7
 Monstrous Menagerie      Summ           4%         N/A       100%        7
 Orb of Destruction       Conj           9%         9d4       100%        7
 Summon Hydra             Summ           4%         N/A       100%        7
 Infestation              Necr           19%        N/A       100%        8
 Lehudib's Crystal Spear  Conj/Erth      10%        10d4      100%        8
 Maxwell's Capacitive Co  Air            11%        ∞         100%        8
 Summon Horrible Things   Summ           4%         N/A       100%        8
 Chain Lightning          Conj/Air       10%        3d13      100%        9
 Polar Vortex             Ice            4%         N/A       100%        9


Dungeon Overview and Level Annotations

Branches:
Dungeon (15/15)            Temple (1/1) D:4            Lair (6/6) D:10
  Swamp (4/4) Lair:3       Spider (4/4) Lair:2        Slime (5/5) Lair:5
    Orc (2/2) D:9             Elf (3/3) Orc:2        Vaults (5/5) D:14
  Crypt (3/3) Vaults:3       Tomb (0/3) Crypt:3      Depths (4/4) D:15
    Zot (5/5) Depths:4

Altars:
Ashenzari
Cheibriados
Dithmenos
Elyvilon
Fedhas
Gozag
Hepliaklqana
Kikubaaqudgha
Makhleb
Nemelex Xobeh
Okawaru
Qazlal
Ru
Sif Muna
Trog
Uskayaw
Vehumet
Wu Jian
Xom
Yredelemnul
Zin
The Shining One
Beogh
Jiyva
Lugonu

Shops:
D:6 *   D:8 :   Orc:2 =*[(   Elf:3 :   Zot:1 *   Depths:1 [[:?

Portals:
Hell: Depths:1 Depths:2 Depths:3 Depths:4
Abyss: Lair:4 Depths:3
Pandemonium: Depths:2
Ziggurat: Depths:4
Trove: Vaults:3 (give 15 potions of curing)

Annotations:
Lair:1 1 exclusion
Lair:4 2 transporters, Beilucy's ghost, journeyman FoFi
Swamp:4 2 transporters, Fuubb's ghost, adept OpMo
Vaults:3 exclusion: downstairs
Crypt:2 1 runed translucent door
Crypt:3 Sojobo


Innate Abilities, Weirdness & Mutations

Your life essence is reduced to manifest your ancestor. (-10% HP)
You have a pair of large horns on your head.
You can hurl damnation.
You are completely covered in sharp spines.
You are resistant to unholy torment.
You have an absolutely massive brain. (Int +6, Wiz)
Spells you cast and wands you use may paralyse nearby enemies.
You punish those that try to bend your will. (Will+)
You have sharp fingernails.
You have a somewhat thin skeletal structure. (Dex +2, Stealth+)
Armour fits poorly on your strangely shaped body.
Your body sometimes deteriorates upon taking damage.
You have an increased reservoir of magic. (+10% MP)
Your spells are a little easier to cast, but a little less powerful.
You sometimes lose the ability to read scrolls when taking damage.
You passively dampen the noise of your surroundings.


Message History

You feel better.
The Killer Klown howls with blood-lust!
The Killer Klown pies you viciously! You block the klown pie.
The electric golem hurls lightning at you.
The bolt of lightning hits you. You resist.
* * * LOW HITPOINT WARNING * * *
The orb of fire glows bright magenta.
The bolt of fire hits you! You resist.
* * * LOW HITPOINT WARNING * * *
You block the Killer Klown's attack.
The storm dragon breathes lightning at you.
The bolt of lightning misses you.
You feel better.
The orb of fire glows bright magenta.
The bolt of fire hits you! You resist.
* * * LOW HITPOINT WARNING * * *
The Killer Klown trip-wires you but does no damage.
You feel better.
You feel yourself slow down.
The Killer Klown blinks!
The storm dragon breathes lightning at you.
The bolt of lightning hits you! You resist.
* * * LOW HITPOINT WARNING * * *
The bolt of lightning hits you! You resist.
* * * LOW HITPOINT WARNING * * *
The Orb Guardian enters a dispersal trap!
The storm dragon blinks!
The moth of wrath blinks!
You hear a loud "Zot"!
The power of Zot is invoked against you!
Your willpower is stripped away!
The orb of fire blinks! x2
The Killer Klown blinks!
You blink.
The Orb Guardian blinks!
The orb of fire glows deep purple.
The bolt of fire hits you. You resist.
* * * LOW HITPOINT WARNING * * *
The bolt of fire misses the orb of fire.
You feel better.
The electric golem blinks!
The Killer Klown blinks!
The orb of fire glows deep purple.
The bolt of fire hits you! You resist.
You die...

*▓▓▓▓▓▓▓▓▓▓▓▓▓▓
***^.y...§......▓▓▓▓
,,,.......§.§§.....▓▓
,,,....^..§....?....▓▓
,,,.........§........▓
,,,.......§.§...*..X.▓
,,,....D.p......@X..▓*
,,,.............*..▓▓
,,,...........9...▓▓
,,,...p.......^....▓▓
,,,..........§.§....▓*
,,,...........^......▓
,,,...........§.X....▓
,,,,,,..............▓▓
,,,,,,.......§§....▓▓


You could see 2 orbs of fire, a Killer Klown, an electric golem and 3 Orb
Guardians.

Vanquished Creatures
  the Royal Jelly (Slime:5)
  An ancient lich (Zot:5)
  2 orbs of fire
  Mennas (Vaults:4)
  Boris (Crypt:2)
  Margery (Crypt:2)
  2 caustic shrikes
  5 golden dragons
  Jory (Vaults:4)
  6 tentacled monstrosities
  4 Orb Guardians (Zot:5)
  A shard shrike skeleton (Crypt:1)
  Rupert (D:15)
  8 acid blobs
  A deep elf master archer (Elf:3)
  2 deep elf blademasters
  Asterion (Depths:1)
  4 quicksilver dragons
  4 death cobs
  3 titans
  7 ancient champions
  3 storm dragons
  2 sphinxes
  4 tengu reavers
  2 revenants
  2 thorn hunters (Swamp:3)
  Donald (Swamp:1)
  2 draconian monks (Zot:4)
  4 shadow dragons
  11 azure jellies (Slime:5)
  3 draconian knights
  7 fire giants
  3 deep elf sorcerers (Elf:3)
  4 rockslimes (Slime:5)
  3 frost giants
  6 vault wardens
  An iron dragon (Depths:3)
  An emperor scorpion (Spider:4)
  3 ghost moths
  Aizul (Vaults:2)
  An orc warlord (Orc:2)
  A draconian stormcaller (Zot:4)
  2 curse skulls (Crypt:3)
  A deep elf elementalist (Elf:3)
  A spriggan defender (Depths:2)
  10 ironbound preservers
  A draconian annihilator (Zot:4)
  12 quicksilver oozes (Slime:5)
  A war gargoyle (Vaults:5)
  A reaper (Crypt:3)
  4 ghouls
  6 stone giants
  14 very ugly things
  Nessos (D:15)
  A vampire knight (Depths:3)
  4 yellow draconians
  3 purple draconians
  3 deep elf annihilators
  2 green draconians
  8 dire elephants
  An entropy weaver (Vaults:3)
  A bunyip (Swamp:3)
  3 deep elf demonologists
  A white draconian (Zot:1)
  2 eleionomae (Swamp:3)
  Azrael (Spider:3)
  2 red draconians (Zot:2)
  A spark wasp (Spider:4)
  2 black draconians
  5 eidola
  6 ettins
  2 mummy priests
  5 jiangshi
  4 deep elf death magi
  Josephine (D:14)
  2 fire dragons (Depths:2)
  3 deep elf high priests
  2 great orbs of eyes
  5 yaktaur captains
  5 ironbound frosthearts
  A peacekeeper (Vaults:2)
  2 ironbound thunderhulks (Vaults:4)
  4 ice dragons
  Erolcha (D:9)
  12 vault guards
  A fenstrider witch zombie (Crypt:1)
  A rakshasa (Depths:3)
  The ghost of SkeletonJelly the Cleaver, a journeyman PaFi of Okawaru (D:10)
  3 spriggan air magi
  A ghost crab (Swamp:4)
  14 hydras
  5 boulder beetles
  An ogre mage (Vaults:5)
  A catoblepas (D:9)
  8 centaur warriors
  21 dancing weapons
  2 death yaks (Lair:6)
  2 hell hogs (Depths:3)
  4 two-headed ogres
  3 deep troll earth magi
  8 alligators
  4 deep troll shamans
  6 tengu warriors
  2 orc high priests
  3 spriggan berserkers
  11 deep elf knights
  7 hell knights
  An iron troll (Depths:3)
  A shadow wraith (Crypt:2)
  6 skeletal warriors
  3 goliath frogs
  2 spriggan druids
  5 flayed ghosts
  7 bog bodies
  A glowing orange brain (Depths:4)
  6 phantasmal warriors
  7 deep elf archers
  9 ironbound convokers
  8 lindwurms
  10 wizards
  A swamp dragon (Swamp:4)
  36 deep trolls
  6 orc knights
  An obsidian statue (Lair:6)
  6 necromancers
  24 deep elf pyromancers
  A bunyip skeleton (Crypt:2)
  7 orb spiders
  21 deep elf zephyrmancers
  16 ugly things
  5 wolf spider zombies (Spider:3)
  11 wolf spiders
  3 shining eyes
  3 orc sorcerers
  5 cyclopes
  2 manticores
  A manticore (shapeshifter) (Vaults:2)
  13 moths of wrath
  2 salamanders (Depths:3)
  14 elephants
  3 black mambas
  A fire giant skeleton (Depths:1)
  9 vault sentinels
  A titan simulacrum (Depths:1)
  An eye of devastation (Slime:5)
  2 smoke demons (Depths:1)
  7 cane toads
  A gargoyle (D:12)
  An orange demon (Swamp:4)
  A guardian serpent (shapeshifter) (Vaults:5)
  6 komodo dragons
  2 iron troll zombies
  A hellion (Depths:3)
  6 redback zombies (Spider:3)
  2 tengu conjurers
  5 demonic crawlers
  17 yaktaurs
  A kobold demonologist (D:13)
  5 freezing wraiths
  An ice devil (Depths:2)
  2 guardian mummies (Crypt:3)
  4 tyrant leeches
  A polar bear (Lair:3)
  12 jumping spiders
  9 hornets
  A hydra skeleton (Crypt:3)
  2 trolls
  A blink frog (Lair:2)
  29 slime creatures
  A saltling (Vaults:1)
  5 tarantella zombies (Spider:3)
  A frost giant simulacrum (Vaults:2)
  An ice dragon skeleton (Crypt:3)
  A centaur simulacrum (D:14)
  30 redbacks
  Sigmund (D:6)
  4 air elementals
  19 tarantellas
  3 wraiths
  2 shadows
  A vampire (D:11)
  A basilisk (shapeshifter) (D:13)
  6 water elementals
  7 spriggans
  2 basilisks
  13 humans (D:14)
  32 yaks
  2 fire elementals (Spider:3)
  5 golden eyes
  A death yak simulacrum (Lair:6)
  A steam dragon (D:8)
  11 vampire mosquitoes
  A spectral cane toad (Lair:6)
  4 swamp worms
  2 wargs
  A harpy simulacrum (Crypt:3)
  Duvessa (D:5)
  12 water moccasins
  2 hell hounds
  20 orc warriors
  2 sky beasts
  A black bear (D:10)
  An elephant zombie (Lair:6)
  3 necrophages
  5 boggarts
  A centaur (D:5)
  10 ogres
  A hog zombie (Crypt:1)
  2 wolves (Lair:6)
  An elephant skeleton (Lair:6)
  2 phantoms (D:5)
  9 bullfrogs
  A wyvern zombie (D:9)
  2 scorpions (D:10)
  A palentonga skeleton (Crypt:2)
  A small abomination (Swamp:4)
  A komodo dragon skeleton (Crypt:1)
  Dowan (D:5)
  2 water moccasin zombies
  A cane toad simulacrum (Lair:6)
  A knight (Orc:2)
  4 killer bees (D:9)
  A troll zombie (D:9)
  An elephant simulacrum (Lair:4)
  2 wights (D:9)
  4 howler monkeys
  2 electric eels
  3 centaur zombies
  A bullfrog zombie (D:5)
  A hound (D:4)
  A jelly (D:4)
  18 orc priests
  A gnoll shaman (D:6)
  3 centaur skeletons
  A bullfrog skeleton (D:6)
  An iguana (D:5)
  7 orc wizards
  A wolf simulacrum (Lair:4)
  A polar bear simulacrum (Lair:4)
  A killer bee zombie (D:7)
  A dwarf zombie (Crypt:2)
  4 ogre zombies (D:9)
  A dwarf skeleton (Crypt:2)
  A felid skeleton (Crypt:1)
  A hound skeleton (D:4)
  8 mummies (Crypt:3)
  9 adders
  14 gnolls
  2 river rats (D:6)
  A shadow imp (D:6)
  A white imp (D:4)
  An ufetubus (D:5)
  An iguana skeleton (Crypt:1)
  An adder skeleton (D:4)
  A worm (D:2)
  A barachi skeleton (Crypt:2)
  4 dart slugs
  62 orcs
  4 bats
  5 endoplasms
  2 giant cockroaches (D:3)
  4 goblins
  11 hobgoblins
  8 jackals
  8 kobolds
  2 quokkas
  7 ball pythons
  3 frilled lizards
  A goblin skeleton (Crypt:3)
  2 goblin zombies (D:9)
  3 hobgoblin zombies (D:9)
  A jackal skeleton (D:4)
  2 orc skeletons (D:9)
  7 orc zombies (D:9)
  5 rats
1243 creatures vanquished.

Vanquished Creatures (collateral kills)
  A dread lich (Vaults:5)
  An ancient lich (Vaults:5)
  A Killer Klown (Zot:3)
  Saint Roka (Vaults:3)
  Frederick (Crypt:2)
  3 curse toes
  5 golden dragons
  A profane servitor (Crypt:3)
  2 electric golems
  17 tentacled monstrosities
  4 liches
  3 quicksilver dragons
  6 Orb Guardians (Zot:5)
  3 titans
  A deep elf master archer (Elf:3)
  2 sphinxes
  2 ancient champions
  5 death cobs
  7 tengu reavers
  6 acid blobs
  7 storm dragons
  A shadow dragon (Zot:3)
  Kirke (D:15)
  5 revenants
  2 azure jellies
  7 rockslimes
  2 draconian monks
  2 draconian knights (Zot:4)
  Roxanne (D:14)
  5 fire giants
  4 deep elf sorcerers
  A balrug (Depths:1)
  5 frost giants
  The ghost of Egithrirag the Severer, a journeyman HOFi of Qazlal (D:15)
  A ghost moth (shapeshifter) (Vaults:5)
  An iron dragon (Vaults:5)
  7 ghost moths
  10 vault wardens
  An angel (Depths:4)
  2 draconian scorchers (Zot:4)
  7 ghouls
  4 emperor scorpions
  A draconian shifter (Zot:4)
  8 ironbound preservers
  A curse skull (Crypt:2)
  3 quicksilver oozes (Slime:5)
  3 deep elf elementalists (Elf:3)
  2 draconian annihilators (Zot:2)
  20 very ugly things
  A draconian stormcaller (Zot:4)
  An orc warlord (Vaults:4)
  A juggernaut skeleton (Depths:1)
  A war gargoyle (Vaults:5)
  7 stone giants
  4 vampire knights
  3 deep elf demonologists (Elf:3)
  6 green draconians
  10 deep elf annihilators
  A bunyip (Swamp:3)
  6 purple draconians
  3 white draconians (Zot:4)
  8 dire elephants
  4 entropy weavers
  8 red draconians
  8 yellow draconians
  5 deep elf death magi
  2 spark wasps
  8 ettins
  4 black draconians
  4 eleionomae
  2 green deaths (Swamp:4)
  A mummy priest (Crypt:3)
  2 fire dragons
  7 jiangshi
  15 vault guards
  A ragged hierophant (Vaults:1)
  4 deep elf high priests
  9 hydras
  8 great orbs of eyes
  2 ice dragons
  4 yaktaur captains
  5 ironbound thunderhulks
  Fannar (Lair:3)
  3 rakshasas
  5 spriggan air magi
  2 ogre magi
  A boulder beetle (D:15)
  A catoblepas (D:13)
  6 two-headed ogres
  2 ghost crabs (Swamp:2)
  The ghost of Pooter the Cleaver, a novice MiBe of Trog (D:9)
  4 centaur warriors
  A juggernaut simulacrum (Crypt:3)
  4 ironbound frosthearts
  3 tengu warriors
  11 dancing weapons
  2 death knights
  3 alligators
  4 death yaks (Lair:6)
  4 deep troll earth magi
  4 hell hogs (Depths:3)
  4 deep troll shamans
  A thrashing horror (Swamp:4)
  7 vampire magi
  2 orc high priests (Crypt:2)
  14 hell knights
  5 soul eaters
  Urug (Lair:3)
  A sun demon (Depths:3)
  7 deep elf knights
  Nergalle (Lair:3)
  4 spriggan berserkers
  4 shadow wraiths
  3 iron trolls
  12 skeletal warriors
  A salamander mystic (Depths:3)
  A storm dragon zombie (Crypt:3)
  4 goliath frogs
  A spectral anaconda (Lair:6)
  An anaconda zombie (Crypt:3)
  A bunyip zombie (Crypt:2)
  2 shadow demons (Crypt:2)
  2 flayed ghosts
  5 glowing orange brains
  2 spriggan druids
  31 deep trolls
  6 bog bodies
  9 deep elf archers
  5 swamp dragons
  3 lindwurms
  A bunyip skeleton (Crypt:3)
  7 necromancers
  3 harpies (D:13)
  4 wizards
  7 ironbound convokers
  7 phantasmal warriors
  6 deep elf pyromancers
  4 wolf spider zombies (Spider:3)
  20 deep elf zephyrmancers
  4 orc knights
  9 orb spiders
  3 manticores
  A shining eye (Slime:2)
  An orc sorcerer (Orc:2)
  A will-o-the-wisp (Swamp:3)
  20 ugly things
  A stone giant zombie (Crypt:1)
  10 wolf spiders
  A stone giant skeleton (Crypt:3)
  2 cyclopes
  An elf zombie (Vaults:2)
  4 elephants
  8 vault sentinels
  12 moths of wrath
  A dire elephant zombie (Lair:6)
  4 cane toads
  A centaur zombie (D:11)
  A black mamba (Lair:6)
  An orange demon (Swamp:4)
  2 smoke demons (Depths:3)
  An eye of devastation (Slime:5)
  An unseen horror (shapeshifter) (D:13)
  8 freezing wraiths
  2 dire elephant skeletons (Lair:6)
  3 kobold demonologists
  An efreet (D:15)
  6 komodo dragons
  7 yaktaurs
  A white draconian zombie (Crypt:1)
  4 redback zombies
  2 demonic crawlers
  A spriggan skeleton (Crypt:1)
  5 trolls
  3 guardian mummies (Crypt:3)
  21 jumping spiders
  2 saltlings (Vaults:1)
  5 tyrant leeches
  9 hornets
  3 tarantella zombies (Spider:3)
  2 blink frogs (Lair:2)
  34 slime creatures
  A small abomination (Swamp:4)
  A human simulacrum (Vaults:2)
  An air elemental (Elf:2)
  A tarantella (shapeshifter) (Depths:2)
  10 spriggans
  2 vampires
  8 wraiths
  9 tarantellas
  3 water elementals
  A centaur simulacrum (D:15)
  2 ushabtiu (Crypt:3)
  36 redbacks
  28 yaks
  3 fire elementals
  7 basilisks
  2 hogs (D:15)
  7 humans (D:14)
  An alligator snapping turtle simulacrum (Crypt:1)
  6 wyverns
  A golden eye (Slime:1)
  A steam dragon (D:8)
  11 vampire mosquitoes
  A spectral cane toad (Lair:6)
  8 swamp worms
  2 acid dragons
  A two-headed ogre zombie (D:9)
  3 wargs
  A large abomination (Swamp:4)
  A merfolk skeleton (Crypt:2)
  6 water moccasins
  A black bear (shapeshifter) (Vaults:5)
  21 orc warriors
  A spriggan simulacrum (Depths:1)
  A boggart (Crypt:2)
  An elephant zombie (Lair:6)
  A wolf (Lair:6)
  5 ogres
  3 centaurs
  A phantom (D:9)
  2 salamander zombies
  A fire crab zombie (Crypt:1)
  7 bullfrogs
  2 gnoll sergeants (D:9)
  3 troll zombies
  3 electric eels
  2 elephant simulacra
  4 howler monkeys
  2 wights (D:9)
  An iron imp (D:12)
  10 orc priests
  Crazy Yiuf (D:6)
  A centaur skeleton (D:6)
  9 orc wizards
  A polar bear simulacrum (Lair:4)
  A killer bee zombie (D:9)
  An acid dragon skeleton (Crypt:2)
  A felid skeleton (Crypt:1)
  A mummy (Crypt:3)
  A river rat (D:6)
  A worm zombie (Crypt:1)
  8 orcs
  A goblin skeleton (D:9)
  2 hobgoblin zombies (D:9)
  A jackal skeleton (Crypt:3)
  2 orc skeletons (D:9)
  6 orc zombies (D:9)
1087 creatures vanquished.

Vanquished Creatures (others)
  A ghost moth (Spider:3)
  A frost giant (Depths:3)
  A stone giant (Depths:2)
  A spark wasp (Spider:4)
  A yaktaur captain (Vaults:4)
  An ironbound thunderhulk (Vaults:3)
  A centaur warrior (D:9)
  A deep elf knight (Elf:2)
  A goliath frog (Swamp:2)
  A deep elf zephyrmancer (Elf:2)
  2 deep elf archers
  A wizard (Depths:1)
  Maurice (D:10)
  A yaktaur (Vaults:3)
  A jumping spider (Spider:4)
  2 bloated husks
  2 hornets
  2 redbacks
  A spriggan (Swamp:3)
  A hog (D:15)
  A yak (D:9)
  A human (D:15)
  A vampire mosquito (Swamp:3)
  A wight (D:9)
  58 knights
  3 ancestors
  8 briar patches (Swamp:3)
  2 bushes (Lair:4)
  3 foxfires (Swamp:3)
  22 fungi
  92 plants
  33 withered plants
249 creatures vanquished.

Grand Total: 2579 creatures vanquished

Notes
Turn   | Place    | Note
-------+----------+-------------------------------------------
     0 | D:1      | dolemite99 the Demonspawn Hunter began the quest for the
                  | Orb.
     0 | D:1      | Reached XP level 1. HP: 16/16 MP: 1/1
    71 | D:1      | Reached skill level 1 in Stealth
   200 | D:1      | Gained mutation: You have a pair of small horns on your
                  | head. [demonic ancestry]
   200 | D:1      | Reached XP level 2. HP: 22/22 MP: 2/2
   965 | D:1      | Gained mutation: You have a pair of horns on your head.
                  | [demonic ancestry]
   965 | D:1      | Reached XP level 3. HP: 19/28 MP: 3/3
  1738 | D:2      | Gained mutation: Spells you cast may paralyse adjacent
                  | enemies. [demonic ancestry]
  1738 | D:2      | Reached XP level 4. HP: 24/34 MP: 4/4
  2074 | D:2      | You fall into a shaft and drop 2 floors!
  2571 | D:3      | Reached skill level 5 in Slings
  2571 | D:3      | Gained mutation: You are partially covered in sharp spines.
                  | [demonic ancestry]
  2571 | D:3      | Reached XP level 5. HP: 11/39 MP: 5/5
  2997 | D:3      | Found a faded altar of an unknown god.
  3559 | D:4      | Reached skill level 1 in Short Blades
  4127 | D:4      | Found a staircase to the Ecumenical Temple.
  4254 | Temple   | Entered the Ecumenical Temple
  4358 | Temple   | Became a worshipper of Hepliaklqana the Forgotten
  4392 | D:4      | Gained mutation: Spells you cast may paralyse nearby
                  | enemies. [demonic ancestry]
  4392 | D:4      | Reached XP level 6. HP: 46/46 MP: 6/6
  4736 | D:5      | Entered Level 5 of the Dungeon
  5295 | D:5      | Noticed a sky beast
  5332 | D:5      | Killed a sky beast
  5333 | D:5      | Gained mutation: You are mostly covered in sharp spines.
                  | [demonic ancestry]
  5333 | D:5      | Reached XP level 7. HP: 18/51 MP: 7/7
  5606 | D:5      | Noticed Dowan
  5608 | D:5      | Noticed Duvessa
  5632 | D:5      | Killed Duvessa
  5652 | D:5      | Killed Dowan
  6811 | D:5      | Reached XP level 8. HP: 17/57 MP: 8/8
  7395 | D:5      | Reached skill level 5 in Short Blades
  8840 | D:6      | Reached * piety under Hepliaklqana
  9317 | D:6      | Found a runed translucent door.
  9318 | D:6      | Noticed Crazy Yiuf
  9331 | D:6      | Killed Crazy Yiuf
  9364 | D:6      | Identified the +5 mace of Drought {freeze, rF+ rCorr Str+2}
  9455 | D:6      | Gained mutation: You punish those that try to bend your
                  | will. (Will+) [demonic ancestry]
  9455 | D:6      | Reached XP level 9. HP: 40/55 MP: 9/9
  9734 | D:6      | Found Gugupn's General Store.
 10083 | D:6      | Bought a scroll of teleportation for 33 gold pieces
 10083 | D:6      | Bought a potion of heal wounds for 55 gold pieces
 10083 | D:6      | Bought a potion of haste for 110 gold pieces
 10083 | D:6      | Bought a throwing net for 33 gold pieces
 10083 | D:6      | Bought a potion of haste for 110 gold pieces
 10680 | D:7      | Found a flagged portal.
 11083 | D:7      | Noticed a manticore
 11092 | D:7      | Killed a manticore
 11504 | D:7      | Found a snail-covered altar of Cheibriados.
 11596 | D:7      | Reached ** piety under Hepliaklqana
 11597 | D:7      | Remembered your ancestor Edwyna as a knight
 12386 | D:8      | Reached skill level 1 in Evocations
 12390 | D:8      | Reached XP level 10. HP: 56/65 MP: 10/10
 12886 | D:8      | Found Vuxigoim's Book Shop.
 13091 | D:9      | Found a staircase to the Orcish Mines.
 13131 | D:9      | Reached skill level 5 in Evocations
 14399 | D:9      | Found a runed translucent door.
 14400 | D:9      | Found a shimmering altar of Xom.
 14400 | D:9      | Noticed Pooter's ghost (novice MiBe)
 14400 | D:9      | Noticed a +2 broad axe of chaos
 15011 | D:9      | Reached skill level 1 in Armour
 15337 | D:9      | Noticed a centaur warrior
 15337 | D:9      | Noticed a purple ugly thing
 15368 | D:9      | Noticed a catoblepas
 15411 | D:10     | Entered Level 10 of the Dungeon
 15429 | D:10     | Gained mutation: You are completely covered in sharp
                  | spines. [demonic ancestry]
 15429 | D:10     | Reached XP level 11. HP: 55/70 MP: 11/11
 15707 | D:10     | Found a staircase to the Lair.
 15890 | D:10     | Found a runed translucent gate.
 15890 | D:10     | Found a runed translucent gate.
 15890 | D:10     | Found a runed translucent gate.
 15892 | D:10     | Noticed a stone giant
 15892 | D:10     | Noticed a two-headed ogre
 15893 | D:10     | Noticed SkeletonJelly's ghost (journeyman PaFi)
 15914 | D:10     | Noticed Maurice
 15925 | D:10     | Noticed a two-headed ogre
 15925 | D:10     | Killed Maurice
 15926 | D:10     | Reached skill level 5 in Armour
 15928 | D:10     | Noticed a deep elf pyromancer
 15934 | D:10     | Killed a two-headed ogre
 16307 | D:9      | Killed a catoblepas
 16765 | D:9      | Noticed a white ugly thing
 16777 | D:9      | Killed a white ugly thing
 16792 | D:9      | Killed a white ugly thing
 16885 | D:9      | Reached *** piety under Hepliaklqana
 17394 | D:10     | Killed a deep elf pyromancer
 17853 | D:10     | Identified the +7 falchion "Kiriust" {protect, rF- rC+
                  | Str+4 Int+5}
 18079 | Lair:1   | Entered Level 1 of the Lair of Beasts
 18151 | Lair:1   | Reached skill level 5 in Fighting
 18537 | Lair:1   | Noticed a five-headed hydra
 18540 | Lair:1   | Reached skill level 1 in Shields
 18549 | Lair:1   | Reached skill level 2 in Shields
 18555 | Lair:1   | Killed a five-headed hydra
 18556 | Lair:1   | Reached skill level 3 in Shields
 19083 | Lair:2   | Noticed an eight-headed hydra
 19100 | Lair:2   | Killed an eight-headed hydra
 19101 | Lair:2   | Reached XP level 12. HP: 19/80 MP: 12/12
 19855 | Lair:2   | Found a hole to the Spider Nest.
 20406 | Lair:2   | Reached **** piety under Hepliaklqana
 20769 | Lair:2   | Noticed a five-headed hydra
 20776 | Lair:2   | Killed a five-headed hydra
 20789 | Lair:2   | Got the Reference Book on Bewitchment and the Birds
 20982 | Lair:3   | Reached skill level 10 in Fighting
 21210 | Lair:3   | Noticed Nergalle
 21210 | Lair:3   | Noticed a five-headed hydra
 21552 | Lair:3   | Reached skill level 1 in Invocations
 21571 | Lair:3   | Killed a five-headed hydra
 21823 | Lair:3   | Noticed a five-headed hydra
 21830 | Lair:3   | Killed a five-headed hydra
 21831 | Lair:3   | Reached skill level 5 in Invocations
 21991 | Lair:3   | Noticed a five-headed hydra
 21999 | Lair:3   | Killed a five-headed hydra
 22021 | Lair:3   | Found a staircase to the Swamp.
 22116 | Lair:3   | Killed Nergalle
 22182 | Lair:3   | Noticed Fannar
 22190 | Lair:3   | Killed Fannar
 22299 | Lair:3   | Noticed Urug
 22311 | Lair:3   | Killed Urug
 22312 | Lair:3   | Gained mutation: You have an unusually large brain. (Int
                  | +2) [demonic ancestry]
 22312 | Lair:3   | Reached XP level 13. HP: 92/93 MP: 17/19
 22887 | Lair:4   | Found a gate leading to a gauntlet.
 22889 | Lair:4   | Found a frozen archway.
 22941 | Lair:4   | Found a transporter.
 23222 | Lair:4   | Reached skill level 10 in Invocations
 23685 | Lair:4   | Noticed Beilucy's ghost (journeyman FoFi)
 23724 | Lair:4   | Found a one-way gate to the infinite horrors of the Abyss.
 23750 | Lair:4   | Found a transporter.
 24408 | Lair:5   | Reached ***** piety under Hepliaklqana
 24641 | Lair:5   | Found a viscous altar of Jiyva.
 24642 | Lair:5   | Found a staircase to the Slime Pits.
 24941 | Lair:6   | Entered Level 6 of the Lair of Beasts
 25885 | Lair:6   | Reached skill level 15 in Invocations
 27011 | Lair:6   | Noticed a dire elephant
 27038 | Lair:6   | Noticed a dire elephant
 27059 | Lair:6   | Killed a dire elephant
 27333 | Lair:6   | Noticed a dire elephant
 27339 | Lair:6   | Killed a dire elephant
 28026 | D:6      | Noticed Sigmund
 28034 | D:6      | Killed Sigmund
 28052 | D:6      | Bought a +3 scimitar of protection for 239 gold pieces
 28052 | D:6      | Bought a potion of haste for 110 gold pieces
 28174 | D:11     | Reached skill level 1 in Long Blades
 28174 | D:11     | Gained mutation: You have a pair of large horns on your
                  | head. [demonic ancestry]
 28174 | D:11     | Reached XP level 14. HP: 96/99 MP: 26/26
 28829 | D:11     | Identified the +4 rapier of an ice cave {pain, rElec rF+
                  | Str-4}
 29659 | D:11     | Reached skill level 5 in Long Blades
 30364 | Orc:1    | Entered Level 1 of the Orcish Mines
 30364 | Orc:1    | Noticed Erolcha
 30379 | D:9      | Killed Erolcha
 30989 | Orc:1    | Identified the ring of Zetrol {Fly rElec MP+9 Dex+6}
 31931 | Orc:2    | Entered Level 2 of the Orcish Mines
 33247 | Orc:2    | Found a burning altar of Makhleb.
 34714 | Orc:2    | Noticed an orc warlord
 34733 | Orc:2    | Killed an orc warlord
 35334 | Orc:2    | Reached skill level 10 in Armour
 35708 | Orc:2    | Found a staircase to the Elven Halls.
 35742 | Orc:2    | Found Godeobel's Antique Weapon Shoppe.
 35776 | Orc:2    | Found Simaf's General Store.
 35784 | Orc:2    | Found Ulaarr's Jewellery Shoppe.
 35826 | Orc:2    | Found Plog's Antique Armour Shoppe.
 35849 | Orc:2    | Bought a ring of poison resistance for 280 gold pieces
 35865 | Orc:2    | Bought a condenser vane for 440 gold pieces
 36320 | Orc:2    | Bought a scroll of enchant weapon for 82 gold pieces
 36573 | D:12     | Identified the -4 pair of gloves "Idixt" {rF+ Int+6}
 37841 | D:12     | Found a snail-covered altar of Cheibriados.
 38254 | D:13     | Reached XP level 15. HP: 106/106 MP: 27/27
 38380 | D:13     | Identified the +1 helmet "Ucoveuhi" {rC+}
 38886 | D:14     | Reached skill level 4 in Shields
 38887 | D:14     | Found an ancient bone altar of Kikubaaqudgha.
 38994 | D:14     | Found a snail-covered altar of Cheibriados.
 39002 | D:14     | Reached skill level 5 in Shields
 39414 | D:14     | Noticed Josephine
 39427 | D:14     | Killed Josephine
 40346 | D:14     | Reached skill level 6 in Shields
 40476 | D:14     | Found a gate to the Vaults.
 40490 | D:14     | Reached skill level 7 in Shields
 40734 | D:14     | Found an ornate altar of the Wu Jian Council.
 40818 | D:14     | Identified Roxanne's Disquisition on the Mountains
 40818 | D:14     | Noticed Roxanne
 40831 | D:14     | Killed Roxanne
 41566 | D:14     | Upgraded the game from 0.28-a0-655-g4eb62b627b to
                  | 0.28-a0-657-g71136c5590
 41574 | D:15     | Entered Level 15 of the Dungeon
 41611 | D:15     | Noticed Rupert
 41620 | D:15     | Killed Rupert
 41621 | D:15     | Reached skill level 8 in Shields
 41709 | D:15     | Noticed Nessos
 41736 | D:15     | Killed Nessos
 42262 | D:15     | Noticed Kirke
 42269 | D:15     | Reached skill level 9 in Shields
 42270 | D:15     | Killed Kirke
 42498 | D:15     | Noticed a frost giant
 42510 | D:15     | Killed a frost giant
 42982 | D:15     | Found a staircase to the Depths.
 43130 | D:15     | Found a large runed translucent door.
 43130 | D:15     | Found a large runed translucent door.
 43134 | D:15     | Noticed Egithrirag's ghost (journeyman HOFi)
 43862 | Lair:6   | Reached skill level 5 in Stealth
 44488 | Spider:1 | Entered Level 1 of the Spider Nest
 44645 | Spider:1 | Reached skill level 1 in Throwing
 44693 | Spider:1 | Found a runed translucent door.
 44832 | Spider:1 | Gained mutation: You have an extremely huge brain. (Int +4)
                  | [demonic ancestry]
 44832 | Spider:1 | Reached XP level 16. HP: 113/113 MP: 28/28
 45342 | Spider:1 | Reached skill level 5 in Throwing
 46646 | Spider:1 | Upgraded the game from 0.28-a0-657-g71136c5590 to
                  | 0.28-a0-674-gdaf460b524
 46651 | Spider:1 | Learned a level 2 spell: Corpse Rot
 46654 | Spider:1 | Learned a level 2 spell: Poisonous Vapours
 46659 | Spider:1 | Learned a level 4 spell: Animate Dead
 47952 | Spider:3 | Reached skill level 10 in Shields
 48236 | Spider:3 | Noticed Azrael
 48242 | Spider:3 | Killed Azrael
 49457 | Swamp:1  | Entered Level 1 of the Swamp
 50019 | Swamp:1  | Found an iron altar of Okawaru.
 50547 | Swamp:1  | Noticed Donald
 50568 | Swamp:1  | Killed Donald
 51223 | Swamp:2  | Reached skill level 11 in Shields
 51544 | Swamp:2  | Reached skill level 10 in Evocations
 51914 | Swamp:2  | Gained mutation: You have an absolutely massive brain. (Int
                  | +6, Wiz) [demonic ancestry]
 51914 | Swamp:2  | Reached XP level 17. HP: 119/119 MP: 29/29
 51978 | Swamp:2  | Noticed a tentacled monstrosity
 51990 | Swamp:2  | Killed a tentacled monstrosity
 53708 | Swamp:3  | Noticed a tentacled monstrosity
 53724 | Swamp:3  | Reached skill level 12 in Shields
 53728 | Swamp:3  | Killed a tentacled monstrosity
 53755 | Swamp:3  | Noticed a tentacled monstrosity
 53773 | Swamp:3  | Killed a tentacled monstrosity
 55215 | Spider:4 | Entered Level 4 of the Spider Nest
 57882 | Spider:4 | Reached XP level 18. HP: 96/127 MP: 15/30
 58528 | Spider:4 | Got a gossamer rune of Zot
 58810 | D:10     | Killed SkeletonJelly's ghost
 58877 | D:10     | Identified a scroll of acquirement
 58881 | D:10     | Acquired a manual of Armour
 59215 | Vaults:1 | Entered Level 1 of the Vaults
 59324 | Vaults:1 | Found a crumbling gateway.
 60463 | Vaults:1 | You are sucked into a shaft and drop 1 floor!
 61261 | Vaults:2 | Reached skill level 15 in Armour
 62679 | Vaults:2 | Reached skill level 13 in Shields
 62894 | Vaults:2 | Noticed Aizul
 62914 | Vaults:2 | Killed Aizul
 64569 | Vaults:3 | Found a portal to a secret trove of treasure.
 64681 | Vaults:3 | Reached XP level 19. HP: 111/136 MP: 31/31
 64901 | Vaults:3 | Reached skill level 14 in Shields
 66208 | Vaults:3 | Noticed Saint Roka
 66221 | Vaults:3 | Killed Saint Roka
 66626 | Vaults:3 | Found a staircase to the Crypt.
 66626 | Vaults:3 | Found a basalt altar of Yredelemnul.
 66627 | Vaults:3 | Found an ancient bone altar of Kikubaaqudgha.
 66909 | Vaults:3 | Reached skill level 10 in Long Blades
 66913 | Vaults:3 | Reached skill level 15 in Fighting
 67122 | Vaults:3 | Acquired a manual of Throwing
 67773 | Vaults:4 | Noticed Mennas
 68172 | Swamp:4  | Entered Level 4 of the Swamp
 68221 | Swamp:4  | Found a transporter.
 68250 | Swamp:4  | Found a transporter.
 68250 | Swamp:4  | Noticed Fuubb's ghost (adept OpMo)
 68993 | Swamp:4  | Reached skill level 10 in Throwing
 69706 | Swamp:4  | Gained mutation: You are resistant to unholy torment.
                  | [demonic ancestry]
 69706 | Swamp:4  | Reached XP level 20. HP: 145/145 MP: 32/32
 69718 | Swamp:4  | Got a decaying rune of Zot
 70127 | Elf:1    | Entered Level 1 of the Elven Halls
 70469 | Elf:1    | Paralysed by an air elemental for 1 turns
 70477 | Elf:1    | Paralysed by an air elemental for 1 turns
 70794 | Elf:1    | Reached skill level 1 in Necromancy
 71039 | Elf:1    | Paralysed by an air elemental for 1 turns
 71090 | Elf:1    | Reached skill level 5 in Necromancy
 71292 | Elf:1    | Got the Volume of the Entourage
 72497 | D:9      | Killed Pooter's ghost
 72712 | D:15     | Killed Egithrirag's ghost
 73242 | Depths:1 | Entered Level 1 of the Depths
 73392 | Depths:1 | Learned a level 3 spell: Frozen Ramparts
 73542 | Depths:1 | Learned a level 3 spell: Mephitic Cloud
 73544 | Depths:1 | Found Vunoggus's Armour Shop.
 73545 | Depths:1 | Found Cyphoc's Book Boutique.
 73545 | Depths:1 | Found Zepseut's Armour Shop.
 73560 | Depths:1 | Found Xomum's Magic Scroll Boutique.
 73624 | Depths:1 | Bought a scroll of fear for 70 gold pieces
 73624 | Depths:1 | Bought a scroll of fear for 70 gold pieces
 73624 | Depths:1 | Bought a scroll of blinking for 150 gold pieces
 73624 | Depths:1 | Bought a scroll of teleportation for 60 gold pieces
 73624 | Depths:1 | Bought a scroll of teleportation for 60 gold pieces
 73675 | Depths:1 | Found a gateway to Hell.
 73691 | Depths:1 | Identified the +4 chain mail of Moral Flaws {rElec rCorr
                  | Stlth+}
 74017 | Depths:1 | Learned a level 1 spell: Apportation
 74110 | Depths:1 | Noticed Asterion
 74129 | Depths:1 | Killed Asterion
 74130 | Depths:1 | Reached skill level 1 in Poison Magic
 74615 | Depths:1 | Identified the +4 war axe of Zin's Hope {elec, Str+2}
 74666 | Depths:1 | Found a blossoming altar of Fedhas.
 74668 | Depths:1 | Found a stormy altar of Qazlal.
 74668 | Depths:1 | Found a shadowy altar of Dithmenos.
 74670 | Depths:1 | Found a sacrificial altar of Ru.
 74670 | Depths:1 | Found a hide-covered altar of Uskayaw.
 74670 | Depths:1 | Found a shimmering altar of Xom.
 74744 | Depths:1 | Noticed a caustic shrike
 74752 | Depths:1 | Killed a caustic shrike
 75291 | Depths:2 | Found a one-way gate leading to the halls of Pandemonium.
 75331 | Depths:2 | Found a radiant altar of Vehumet.
 75379 | Depths:2 | Reached skill level 1 in Air Magic
 75459 | Depths:2 | Reached skill level 1 in Spellcasting
 76313 | Depths:2 | Found a blossoming altar of Fedhas.
 76446 | Depths:2 | Reached skill level 1 in Conjurations
 77574 | Depths:3 | Reached XP level 21. HP: 135/152 MP: 33/33
 77748 | Depths:3 | Reached skill level 5 in Poison Magic
 77864 | Depths:3 | Reached skill level 5 in Air Magic
 78346 | Depths:4 | Entered Level 4 of the Depths
 78762 | Depths:3 | You fall into a shaft and drop 1 floor!
 80251 | Depths:4 | Found a gateway to a ziggurat.
 80291 | Depths:4 | Found a corrupted altar of Lugonu.
 80310 | Depths:4 | Found a blossoming altar of Fedhas.
 81936 | Elf:2    | Found a runed translucent gate.
 81937 | Elf:2    | Found a runed translucent gate.
 81937 | Elf:2    | Found a runed translucent gate.
 82105 | Elf:2    | Acquired the +8 orange crystal plate armour {Archmagi,
                  | Int+3 Clar}
 82105 | Elf:2    | Found the +8 orange crystal plate armour {Archmagi, Int+3
                  | Clar}
 82777 | Vaults:4 | Gained mutation: Spells you cast and wands you use may
                  | paralyse nearby enemies. [demonic ancestry]
 82777 | Vaults:4 | Reached XP level 22. HP: 120/163 MP: 27/34
 82891 | Vaults:4 | Noticed Jory
 82933 | Vaults:4 | Killed Jory
 83514 | Vaults:4 | Reached skill level 10 in Necromancy
 83699 | Vaults:4 | Acquired a manual of Spellcasting
 83796 | Vaults:4 | Reached skill level 5 in Spellcasting
 84655 | Vaults:5 | Entered Level 5 of the Vaults
 84656 | Vaults:5 | Noticed a dread lich
 84669 | Vaults:5 | Killed a dread lich
 84764 | Vaults:5 | Reached skill level 10 in Spellcasting
 84931 | Vaults:5 | Identified the +8 great sword "Zuqutiem" {vamp, Dex+2}
 85511 | Vaults:5 | Identified the +4 rapier of Slime {protect, rC- Str+3
                  | Dex+5}
 85578 | Vaults:5 | Identified the +10 morningstar "Qawas" {holy, +Blink rPois
                  | Str+3}
 85578 | Vaults:5 | Identified the ring "Cufriros" {rC+ MP+9}
 85579 | Vaults:5 | Identified the +8 hunting sling of Senn {freeze, rC+ Dex+6}
 85786 | Vaults:5 | Identified the +5 arbalest "Heaffem" {elec, Int+4}
 86469 | Vaults:5 | Identified the +3 spear "Hydraslayer" {freeze, Will+ Int+2}
 86492 | Vaults:5 | Identified the amulet of the Gloaming {rC+ Will+ Regen+}
 86888 | Vaults:5 | Reached XP level 23. HP: 171/171 MP: 38/38
 87278 | Vaults:5 | Identified the +1 leather armour "Hautruat" {Drain rN+
                  | Will+++ Slay-2}
 87491 | Vaults:5 | Noticed an ancient lich
 87558 | Vaults:5 | Killed an ancient lich
 87858 | Vaults:5 | Got a silver rune of Zot
 89407 | Elf:3    | Entered Level 3 of the Elven Halls
 89751 | Elf:3    | Found Joiqiarph's Book Boutique.
 91648 | Elf:3    | Identified the +5 scimitar "Thing" {drain, Str+6 Stlth+}
 91856 | Elf:3    | Got the Disquisition on Shifting Conjuration
 91878 | Elf:3    | Identified the +1 spear of Callousness {freeze, Str+2
                  | Int+4}
 91905 | Elf:3    | Got the Handbook of Confrontation
 91909 | Elf:3    | Identified the +4 hunting sling of Gehenna {freeze, Str+6}
 93136 | Depths:3 | Noticed a caustic shrike
 93144 | Depths:3 | Killed a caustic shrike
 94086 | Depths:4 | Found a gate to the Realm of Zot.
 94416 | Zot:1    | Entered Level 1 of the Realm of Zot
 94780 | Depths:4 | Gained mutation: You can hurl damnation. [demonic ancestry]
 94780 | Depths:4 | Reached XP level 24. HP: 178/180 MP: 38/38
 95573 | Zot:1    | Identified the +1 scale mail of the Desolation of Salt
                  | {Int+3 Dex+7}
 95585 | Zot:1    | Found Meantun's CLEARANCE SALE!.
 95590 | Zot:1    | Bought 3 scrolls of fog for 36 gold pieces
 97241 | Zot:2    | Identified the +6 scale mail of Otao {Dex+7}
 98891 | Zot:3    | Identified the ring "Holev" {Contam rF+ rN+ Dex+8}
 98999 | Zot:3    | Noticed a Killer Klown
 99012 | Zot:3    | Killed a Killer Klown
100122 | Zot:4    | Noticed an orb of fire
100125 | Zot:4    | Gained mutation: You are dopey. (Int -2) [an orb of fire]
100136 | Zot:4    | Killed an orb of fire
101000 | D:8      | Learned a level 2 spell: Passwall
101224 | Slime:1  | Entered Level 1 of the Pits of Slime
101300 | Slime:1  | Reached skill level 1 in Transmutations
102790 | Vaults:4 | Killed Mennas
103196 | D:8      | Bought a manual of Shields for 1120 gold pieces
103590 | Slime:3  | Reached skill level 15 in Shields
103617 | Slime:3  | Gained mutation: Armour fits poorly on your strangely
                  | shaped body. [a shining eye]
104024 | Slime:3  | Gained mutation: Your body sometimes deteriorates upon
                  | taking damage. [a shining eye]
104300 | Slime:5  | Entered Level 5 of the Pits of Slime
104880 | Slime:5  | Found a viscous altar of Jiyva.
104883 | Slime:5  | Noticed the Royal Jelly
104928 | Slime:5  | Reached skill level 16 in Shields
105086 | Slime:5  | Killed the Royal Jelly
105087 | Slime:5  | Reached skill level 17 in Shields
105087 | Slime:5  | Reached XP level 25. HP: 101/189 MP: 38/38
105533 | Slime:5  | Identified the +9 broad axe of the Spider Nest {freeze, rC+
                  | Will- Stlth+}
105577 | Slime:5  | Identified the ring "Asumn" {Fly Int+7 Dex-3}
105608 | Slime:5  | Got a slimy rune of Zot
106572 | Crypt:1  | Entered Level 1 of the Crypt
106754 | Crypt:1  | Reached skill level 18 in Shields
107815 | Crypt:2  | Noticed Frederick
107823 | Crypt:2  | Killed Frederick
107824 | Crypt:2  | Reached skill level 19 in Shields
108038 | Crypt:2  | Found a runed translucent door.
108039 | Crypt:2  | Noticed a dread lich
108070 | Crypt:2  | Noticed Margery
108084 | Crypt:2  | Killed Margery
108558 | Crypt:2  | Found a shimmering blue altar of Sif Muna.
109159 | Crypt:2  | Identified the amulet of Generosity {RegenMP *Slow rElec
                  | rPois Dex+3}
109268 | Crypt:3  | Entered Level 3 of the Crypt
109268 | Crypt:3  | Noticed Boris
109291 | Crypt:2  | Killed Boris
109424 | Crypt:3  | Reached skill level 20 in Shields
110975 | Crypt:3  | Found an ancient bone altar of Kikubaaqudgha.
110982 | Crypt:3  | Reached skill level 21 in Shields
111056 | Crypt:3  | Found a basalt altar of Yredelemnul.
111093 | Crypt:3  | Got the Catalogue of Dusty Moulding
111140 | Crypt:3  | Identified the ring "Usecech" {rF++ rC- rN+ Dex+3}
111140 | Crypt:3  | Identified the ring of Terra Nullius {*Slow rN+ Will+++
                  | rCorr}
111216 | Crypt:3  | Reached skill level 10 in Slings
111301 | Crypt:3  | Found a staircase to the Tomb.
111451 | Crypt:3  | Reached skill level 1 in Earth Magic
111571 | Crypt:3  | Noticed Sojobo
112219 | Depths:4 | Lost mutation: Your body sometimes deteriorates upon taking
                  | damage. [potion of mutation]
112219 | Depths:4 | Lost mutation: You are dopey. (Int -2) [potion of mutation]
112219 | Depths:4 | Gained mutation: Your body sometimes deteriorates upon
                  | taking damage. [potion of mutation]
112219 | Depths:4 | Gained mutation: You have large cloven feet. [potion of
                  | mutation]
112220 | Depths:4 | Lost mutation: Your body sometimes deteriorates upon taking
                  | damage. [potion of mutation]
112220 | Depths:4 | Lost mutation: You have large cloven feet. [potion of
                  | mutation]
112220 | Depths:4 | Gained mutation: You are clumsy. (Dex -2) [potion of
                  | mutation]
112221 | Depths:4 | Lost mutation: Armour fits poorly on your strangely shaped
                  | body. [potion of mutation]
112221 | Depths:4 | Lost mutation: You are clumsy. (Dex -2) [potion of
                  | mutation]
112221 | Depths:4 | Gained mutation: You have an increased reservoir of magic.
                  | (+10% MP) [potion of mutation]
112221 | Depths:4 | Gained mutation: You have sharp fingernails. [potion of
                  | mutation]
112221 | Depths:4 | Gained mutation: You have a somewhat thin skeletal
                  | structure. (Dex +2, Stealth+) [potion of mutation]
112221 | Depths:4 | Gained mutation: You passively dampen the noise of your
                  | surroundings. [potion of mutation]
113013 | Zot:4    | Reached XP level 26. HP: 167/196 MP: 42/42
115833 | Zot:5    | Entered Level 5 of the Realm of Zot
116120 | Zot:5    | Reached skill level 5 in Transmutations
117349 | Zot:5    | Reached skill level 5 in Earth Magic
117946 | Zot:5    | Noticed an ancient lich
117948 | Zot:5    | Noticed an ancient lich
117952 | Zot:5    | Noticed an orb of fire
117953 | Zot:5    | Gained mutation: You sometimes lose the ability to read
                  | scrolls when taking damage. [an orb of fire]
117979 | Zot:5    | Gained mutation: Your spells are a little easier to cast,
                  | but a little less powerful. [an orb of fire]
117985 | Zot:5    | Gained mutation: Your body sometimes deteriorates upon
                  | taking damage. [an orb of fire]
117991 | Zot:5    | Gained mutation: Armour fits poorly on your strangely
                  | shaped body. [an orb of fire]
117998 | Zot:5    | Killed an orb of fire
118000 | Zot:5    | Killed an ancient lich
118000 | Zot:5    | HP: 7/198 [something/crystal spear (40)]
118006 | Zot:5    | Noticed an orb of fire
118007 | Zot:5    | Noticed an orb of fire
118015 | Zot:5    | HP: 4/198 [storm dragon/bolt of lightning (11)]
118016 | Zot:5    | Killed from afar by an orb of fire

Illustrated notes

Levels and vault maps discovered:
D:1:      dpeg_arrival_windows_large_door, layout_loops_corners,
          chequers_arboretum
D:2:      layout_rooms
D:3:      layout_basic, basic_ecumenical_altar
D:4:      layout_rooms, minmay_temple_entry_large_hall, st_stairs_8
D:5:      corexii_shack_village, layout_cave_pods, uniq_duvessa
D:6:      wad_woods_settlement, layout_basic, serial_shops, shop,
          kennysheep_small_spiral, uniq_sigmund, uniq_crazy_yiuf_cottage
D:7:      layout_basic, old_standard_altar, enter_bailey_2
D:8:      layout_loops_ring, serial_shops, shop, kennysheep_nondescript
D:9:      layout_small_grid, zombieorc2_lemuel, ebering_ghost_xom,
          minmay_the_grid_2x2 [minmay_the_grid_medium_cups,
          minmay_the_grid_expand, minmay_the_grid_mess,
          minmay_the_grid_prize_inner_circle]
D:10:     layout_basic, grunt_lair_entry_orc_guard_hut, gammafunk_ghost_split,
          uniq_maurice
D:11:     layout_rooms, special_room [special_room_orc]
D:12:     layout_basic, chei_slow_surprise
D:13:     layout_basic, serial_rivers, chequers_serial_rivers_small_a,
          chequers_serial_rivers_micro_d, chequers_serial_rivers_marsh,
          chequers_serial_rivers_room_b, chequers_serial_rivers_micro_c,
          chequers_serial_rivers_large_b, argonaut_gorgonesque
D:14:     layout_basic, grunt_vaults_entry_tiered,
          nicolae_wu_jian_immortal_techniques, hangedman_feature_mirror,
          uniq_josephine, uniq_roxanne
D:15:     grunt_enter_depths_snipers, layout_layer_cave,
          chequers_serial_rivers_micro_b, ebering_ghost_disaster_area,
          uniq_rupert, uniq_kirke, uniq_nessos
Temple:   compressed_dpeg_triangle_lava_temple
Lair:1:   layout_loops_ring, hangedman_lair_generics_rect, grunt_megastairs_3
Lair:2:   layout_roguey, spider_nest_entry_a, grunt_megastairs_4
Lair:3:   layout_loops_ring, palyth_hydra_swamp_entry, uniq_fannar,
          uniq_nergalle, uniq_urug
Lair:4:   layout_small_grid, portal_ice_cave_entry_ice_simulacra,
          gammafunk_ghost_abyssal_escape, gauntlet_entry_generic,
          grunt_forest_large_clearing_hut
Lair:5:   layout_gridlike, dpeg_slime_entry_enclosed_altar,
          infiniplex_staircase_pool_2, grunt_megastairs_2, serial_bayou_shore_b
Lair:6:   due_jungle_book, layout_gridlike, serial_bayou_shore_b,
          serial_bayou_shore_b
Swamp:1:  layout_basic_swamp, basic_altar, uniq_donald
Swamp:2:  layout_falls_marsh, evilmike_swamp_ruin_wall
Swamp:3:  nzn_winding_woodlands_three_and_one
          [nzn_winding_woodlands_5x15_crooked,
          nzn_winding_woodlands_5x15_pathside_ponds,
          nzn_winding_woodlands_5x15_pockets,
          nzn_winding_woodlands_center_triple_pond], layout_falls_marsh,
          infiniplex_staircase_pool
Swamp:4:  swamp_vile, layout_basic_swamp, gammafunk_ghost_arena
Spider:1: cheibrodos_spider_deadly_dance, nicolae_spider_moth_buddies
Spider:2: layout_spider_delve, nicolae_spider_wall_of_niches, uniq_arachne
Spider:3: lemuel_spider_zombies, uniq_azrael
Spider:4: spider_rune_water
Slime:1:  layout_caves
Slime:2:  layout_caves
Slime:3:  layout_caves, cheibrodos_slime_lost_civilization_4
Slime:4:  layout_caves
Slime:5
Orc:1:    layout_caves, elves_outpost_lemuel, uniq_erolcha
Orc:2:    grunt_orc_cross, layout_caves, bloody_makhleb
Elf:1:    nicolae_elf_arrival_no_cutting_in_line, layout_loops_cross,
          minmay_elf_demonology
Elf:2:    nicolae_elf_blades_crystal_corner, layout_rooms,
          nicolae_elf_big_sculpture_1, st_stairs_3
Elf:3:    minmay_elf_hall_four_x, layout_gridlike, serial_shops,
          nicolae_shop_stone
Vaults:1: portal_desolation_entry_nicolae_nacl, nicolae_vaults_alarming,
          vaults_room_fours, ontoclasm_vaults_shuriken, vaults_dpeg_hooks,
          hangedman_vaults_stitches, nicolae_vaults_diagonal_hallway_9,
          dpeg_vaults_monster_box, vaults_room_semicircle,
          layout_vaults_omnigrid
Vaults:2: v_misc_26, vaults_mumra_hex, v_misc_16, st_lattice,
          vaults_dpeg_diagonal, nicolae_vaults_theta, vaults_mumra_lcd,
          v_misc_3, v_misc_5, vaults_room_pools, layout_vaults_big_room,
          uniq_aizul
Vaults:3: v_rooms_5, minmay_crypt_entry_necro_gods,
          nicolae_vaults_windows_and_doors_thing, ontoclasm_vaults_eye,
          hangedman_vaults_stream, v_misc_4, vaults_dpeg_encased_lava,
          hangedman_vaults_unwind, nicolae_vaults_asterisk,
          vaults_room_hangedman_quadrants, vaults_room_semicircle,
          layout_vaults_omnicross, nicolae_trove_entry_columns, uniq_saint_roka
Vaults:4: v_misc_1, st_spiral_rooms, vaults_room_corners, v_misc_10,
          nicolae_vaults_specimen_jars, grunt_vaults_hallway_short,
          hangedman_vaults_cutoff, nicolae_vaults_asterisk,
          nicolae_vaults_twisting_passages, nicolae_vaults_disjoint_gnomons,
          vaults_dpeg_ring, nicolae_vaults_angled_halls, vaults_dpeg_spiral,
          nicolae_vaults_diagonal_hallway_9, grunt_vaults_diagonal,
          vaults_room_door_ring, layout_vaults_omnibox, uniq_mennas, uniq_jory
Vaults:5
Crypt:1:  layout_basic
Crypt:2:  cheibrodos_crypt_cold_storage, layout_misc_corridors,
          hangedman_summoners_spam, uniq_frederick, uniq_margery
Crypt:3:  lightli_unholy_cathedral, layout_chaotic_city,
          nicolae_tomb_entry_unfolded_pyramid_orthogonal, minivault_23,
          nicolae_crypt_twisting_catacombs, glass_columns_a,
          lemuel_nasty_fountain, uniq_sojobo, uniq_boris
Depths:1: layout_twisted_cross, lightli_too_deep, doesnt_xom_only_xom,
          kennysheep_two_boxes, minmay_shoptagon, uniq_asterion
Depths:2: grunt_twist_and_shout, layout_gridville, vehumet_crystals,
          rand_demon_pan_entry_8, pf_coc_iceberg, fedhas_altar_4,
          serial_bayou_shore_b, minmay_staircase_windowed_small, firewood_loft
Depths:3: thingy_vault, layout_honeycomb, hellmouth_3, abyss_entry,
          serial_sigils_hangedman_writhe, minmay_tree_intersection
Depths:4: grunt_bruiser_brothers, layout_cave_pools, enter_ziggurat_d,
          hell_entry, lemuel_doored_altar, tgw_lugonu_bribe
Zot:1:    layout_misc_corridors, nicolae_shop_clearance
Zot:2:    layout_cathedral_of_symmetry
Zot:3:    layout_gridlike, st_small_dragon_hoard_4
Zot:4:    kennysheep_bubbly, layout_cathedral_of_symmetry
Zot:5:    layout_cathedral_of_symmetry

Skill      XL: |  1  2  3  4  5  6  7  8  9 10 11 12 13 14 15 16 17 18 19 20 21 22 23 24 25 26 |
---------------+-------------------------------------------------------------------------------+-----
Stealth        | 1 6 |  6.9
Dodging        | 2 |  2.3
Slings         | 4 5 6 7 8 9 10 11 | 11.4
Short Blades   | 1 3 4 6 8 |  8.1
Fighting       | 4 6 10 11 12 14 15 17 18 19 20 | 20.6
Evocations     | 2 8 10 12 | 12.6
Armour         | 4 8 11 15 17 18 19 | 19.1
Shields        | 3 9 11 12 13 14 17 21 | 21.0
Invocations    | 8 16 18 19 | 19.9
Long Blades    | 1 7 8 10 11 14 | 14.7
Throwing       | 2 6 11 12 | 12.7
Necromancy     | 8 9 10 | 10.7
Poison Magic   | 4 6 |  6.0
Air Magic      | 4 5 |  5.0
Spellcasting   | 4 11 | 11.8
Conjurations   | 3 |  3.4
Transmutations | 4 5 |  5.9
Earth Magic    | 2 5 |  5.5
Unarmed Combat | |  0.1

Action                   |  1- 3 |  4- 6 |  7- 9 | 10-12 | 13-15 | 16-18 | 19-21 | 22-24 | 25-27 || total
-------------------------+-------+-------+-------+-------+-------+-------+-------+-------+-------++-------
Melee: Short sword       |       |     5 |       |       |       |       |       |       |       ||     5
       Headbutt          |       |     6 |    17 |    71 |   109 |   181 |   217 |   179 |   120 ||   900
       Hunting sling     |       |     1 |       |       |       |       |       |       |       ||     1
       Dagger            |       |    11 |   120 |   270 |   289 |       |       |       |       ||   690
       Rapier            |       |       |       |       |     4 |       |       |       |       ||     4
       Scimitar          |       |       |       |       |    92 |   535 |   666 |   517 |   259 ||  2069
 Fire: Hunting sling     |   112 |   201 |   235 |   338 |  1187 |   880 |   196 |   920 |   931 ||  5000
Throw: Dart              |       |       |    13 |    48 |    78 |    64 |    22 |       |       ||   225
       Throwing net      |       |       |       |     2 |     1 |     2 |     1 |       |       ||     6
       Javelin           |       |       |       |       |       |       |    97 |     5 |     4 ||   106
       Stone             |       |       |       |       |       |       |    13 |       |       ||    13
       Boomerang         |       |       |       |       |       |       |    27 |   167 |    18 ||   212
 Cast: Animate Dead      |       |       |       |       |       |       |    49 |    42 |    11 ||   102
       Corpse Rot        |       |       |       |       |       |       |     3 |       |       ||     3
       Mephitic Cloud    |       |       |       |       |       |       |    14 |       |       ||    14
       Passwall          |       |       |       |       |       |       |       |       |     1 ||     1
Invok: Ancestor Life: Kn |       |       |     1 |       |       |       |       |       |       ||     1
       Recall Ancestor   |       |       |       |    10 |    17 |     9 |    11 |    21 |     8 ||    76
       Idealise          |       |       |       |     3 |    19 |     8 |    14 |    18 |     3 ||    65
Evoke: Wand              |       |       |    10 |    19 |    23 |    49 |    14 |    10 |     7 ||   132
       Lightning rod     |       |       |       |       |    21 |    28 |    39 |    23 |     7 ||   118
       Condenser vane    |       |       |       |       |     3 |    12 |    13 |     9 |     5 ||    42
       Phantom mirror    |       |       |       |       |       |     8 |     9 |     3 |     3 ||    23
       Box of beasts     |       |       |       |       |       |     7 |    10 |     5 |     2 ||    24
       Phial of floods   |       |       |       |       |       |       |       |     6 |     4 ||    10
       Tin of tremorston |       |       |       |       |       |       |       |     8 |     4 ||    12
  Use: Scroll            |     2 |     3 |     6 |    12 |    19 |    20 |    10 |    23 |    11 ||   106
       Potion            |       |       |     3 |     3 |     4 |     8 |     7 |    13 |    21 ||    59
 Stab: Invisible         |       |       |     1 |     6 |       |       |       |     2 |       ||     9
       Distracted        |       |       |       |     1 |     3 |    10 |    14 |    15 |     8 ||    51
       Paralysed         |       |       |       |       |       |     8 |       |       |       ||     8
       Confused          |       |       |       |       |       |       |     1 |       |       ||     1
Armor: Leather armour    |     6 |       |       |       |       |       |       |       |       ||     6
       Scale mail        |       |    36 |    27 |       |       |       |       |       |       ||    63
       Skin              |       |       |    26 |       |       |       |       |       |       ||    26
       Chain mail        |       |       |    22 |       |    94 |       |   165 |       |       ||   281
       Plate armour      |       |       |    10 |   178 |   139 |   648 |   160 |       |       ||  1135
       Crystal plate arm |       |       |       |       |       |       |    32 |   260 |   119 ||   411
       Gold dragon scale |       |       |       |       |       |       |       |   123 |   111 ||   234
Dodge: Dodged            |    34 |    38 |    45 |    63 |    98 |   193 |   181 |    96 |    57 ||   805
Block: Buckler           |       |       |       |    35 |    55 |       |       |       |       ||    90
       Kite shield       |       |       |       |       |   145 |   695 |   539 |   431 |    53 ||  1863
       Reflection        |       |       |       |       |    19 |    24 |    50 |    34 |       ||   127
       Tower shield      |       |       |       |       |       |       |       |       |   362 ||   362

Table legend: (Time is in decaauts)
 A = Elapsed time spent in this place.
 B = Non-inter-level travel time spent in this place.
 C = Inter-level travel time spent in this place.
 D = Time resting spent in this place.
 E = Time spent auto-exploring this place.
 F = Levels seen in this place.
 G = Mean time per level.
                   A        B        C        D        E       F      G
               +--------+--------+--------+--------+--------+-----+--------+
         Total | 116240 | 105057 |  11183 |  48331 |  35022 |  57 | 2039.3 |
       Dungeon |  31828 |  27743 |   4085 |  13346 |   9752 |  15 | 2121.9 |
        Temple |    111 |    105 |      6 |      0 |      0 |   1 |  111.0 |
          Lair |  12671 |  10319 |   2352 |   3890 |   4676 |   6 | 2111.8 |
         Swamp |   7726 |   7389 |    337 |   3652 |   2312 |   4 | 1931.5 |
   Spider Nest |   8351 |   7963 |    388 |   4034 |   2216 |   4 | 2087.8 |
    Slime Pits |   2704 |   2645 |     59 |   1728 |    116 |   5 |  540.8 |
  Orcish Mines |   4957 |   4590 |    367 |   2648 |    965 |   2 | 2478.5 |
   Elven Halls |   5818 |   5456 |    362 |   2072 |   2102 |   3 | 1939.3 |
        Vaults |  15007 |  13850 |   1157 |   6128 |   4455 |   5 | 3001.4 |
         Crypt |   5060 |   4923 |    137 |   1313 |   2001 |   3 | 1686.7 |
        Depths |  11953 |  10407 |   1546 |   4902 |   3199 |   4 | 2988.2 |
           Zot |  10049 |   9666 |    383 |   4616 |   3226 |   5 | 2009.8 |
               +--------+--------+--------+--------+--------+-----+--------+

Top non-repeatable levels by time:
     D:9: 4911 daAuts
Vaults:3: 4211 daAuts
Depths:4: 4016 daAuts
Vaults:2: 3931 daAuts
    D:14: 3476 daAuts
   Orc:2: 3470 daAuts
     D:5: 3459 daAuts
Vaults:5: 3301 daAuts
  Lair:6: 3121 daAuts
Depths:3: 3091 daAuts
Spider:4: 3056 daAuts
   Zot:4: 2952 daAuts
    D:15: 2748 daAuts
   Elf:3: 2541 daAuts
Depths:2: 2510 daAuts
